 Dungeon Crawl Stone Soup version 0.17-a0-2147-gfb20a63 (console) character file.

1486 brucemayne the Cleaver (level 8, -7/58 HPs)
             Began as a Demonspawn Berserker on Oct 24, 2015.
             Was a Believer of Trog.
             Mangled by an orc warrior
             ... wielding a +0 battleaxe
              (12 damage)
             ... on level 7 of the Dungeon.
             The game lasted 00:08:10 (1865 turns).

brucemayne the Cleaver (Demonspawn Berserker)       Turns: 1865, Time: 00:08:10

Health: -7/58      AC:  9    Str: 20    XL:     8   Next: 50%
Magic:  0/8        EV: 11    Int:  9    God:    Trog [**....]
Gold:   139        SH:  0    Dex: 12    Spells: 0 memorised, 7 levels left

rFire  + . .     SeeInvis .     a - +0 hand axe
rCold  . . .     Clarity  .     x - +0 ring mail (curse)
rNeg   . . .     SustAt   .     (no shield)
rPois  .         Gourm    +     (no helmet)
rElec  .         Spirit   +     m - +2 cloak {MR+}
rCorr  .         Warding  .     h - +0 pair of gloves
rMut   .         Stasis   .     (boots unavailable)
MR     +++..                    d - amulet of the gourmand
Stlth  ++........               A - ring of protection from fire
                                C - ring of stealth

@: exhausted, regenerating, extremely resistant to hostile enchantments,
unstealthy
A: claws 2, talons 3, blink, magic shield, magic regeneration
a: Blink, Berserk, Trog's Hand, Burn Spellbooks, Renounce Religion


You were on level 7 of the Dungeon.
You worshipped Trog.
Trog was pleased with you.
You were not hungry.

You visited 2 branches of the dungeon, and saw 9 of its levels.

You collected 139 gold pieces.

Inventory:

Hand Weapons
 a - a +0 hand axe (weapon)
Missiles
 o - 5 curare-tipped needles
Armour
 b - a +0 animal skin
 h - a +0 pair of gloves (worn)
 j - a +0 ring mail
 m - a +2 cloak of magic resistance (worn)
 w - a +0 ring mail
 x - a cursed +0 ring mail (worn)
 F - a +0 chain mail
Magical Staves
 t - an uncursed staff of energy {unknown}
Jewellery
 d - an amulet of the gourmand (around neck)
 v - a +2 ring of dexterity
 A - a ring of protection from fire (right hand)
 C - a ring of stealth (left hand)
Scrolls
 e - 3 scrolls of remove curse
 f - a scroll of fear {unknown}
 g - a scroll of amnesia {unknown}
 p - a scroll of teleportation {unknown}
 q - a scroll of random uselessness {unknown}
 s - a scroll of enchant weapon {unknown}
 u - a scroll of blinking {unknown}
 y - 2 scrolls of identify {unknown}
 G - a scroll of magic mapping {unknown}
 H - a scroll of fog {unknown}
Potions
 i - a potion of flight
 k - a potion of haste {unknown}
 l - a potion of lignification
 n - a potion of curing {unknown}
 E - a potion of agility {unknown}
Books
 r - a book of Conjurations

   Spells                             Type                      Level
   a - Magic Dart                     Conjuration                  1
   b - Searing Ray                    Conjuration                  2
   c - Dazzling Spray                 Conjuration/Hexes            3
   d - Fulminant Prism                Conjuration/Hexes            4
   e - Iskenderun's Mystic Blast      Conjuration                  4
   f - Iskenderun's Battlesphere      Conjuration/Charms           5
   Trog disapproves of the use of such an item.
 B - a book of Frost

   Spells                             Type                      Level
   a - Freeze                         Ice                          1
   b - Throw Frost                    Conjuration/Ice              2
   c - Ozocubu's Armour               Charms/Ice                   3
   d - Throw Icicle                   Conjuration/Ice              4
   e - Summon Ice Beast               Ice/Summoning                4
   f - Condensation Shield            Ice                          4
   Trog disapproves of the use of such an item.
 D - a book of the Earth

   Spells                             Type                      Level
   a - Leda's Liquefaction            Hexes/Earth                  4
   b - Bolt of Magma                  Conjuration/Fire/Earth       5
   c - Statue Form                    Transmutation/Earth          6
   d - Iron Shot                      Conjuration/Earth            6
   e - Shatter                        Earth                        9
   Trog disapproves of the use of such an item.
Comestibles
 c - 2 bread rations
 z - 5 chunks of flesh


   Skills:
 - Level 3.0 Fighting
 + Level 10.1 Axes
 - Level 1.7 Armour
 - Level 1.7 Dodging


You had 7 spell levels left.
You didn't know any spells.

Dungeon Overview and Level Annotations

Branches:
Dungeon (8/15)             Temple (1/1) D:7
   Lair: D:8-11

Altars:
Ashenzari
Dithmenos
Fedhas
Kikubaaqudgha
Okawaru
Qazlal
Ru
Trog
Xom
Yredelemnul
Lugonu

Annotations:
D:6 Prince Ribbit


Innate Abilities, Weirdness & Mutations

You have very sharp fingernails.
You have claws for feet.
When hurt, damage is shared between your health and your magic reserves.
You regenerate magic rapidly.
You can translocate small distances at will.


Message History

Read which item? (? for menu, Esc to quit)
Okay, then.
The orc wizard gestures wildly while chanting.
The orc wizard blinks!
Your skin stops crawling.
You feel less resistant to hostile enchantments.
You feel yourself speed up.
Use which ability?
Your skin crawls.
You feel resistant to hostile enchantments.
You feel slightly more hungry.
The orc warrior hits you with a battleaxe!
* * * LOW HITPOINT WARNING * * *
Unknown command.
As you open the door, it creaks loudly!
The orc wizard gestures wildly while chanting.
The orc wizard flickers and vanishes!
Deactivating autopickup; reactivate with Ctrl-A.
The orc warrior hits you with a battleaxe!
You die...

#....# #....#
#....# #....#
#....# .
######)...####(...
#{o.o'o...'.......
#o####o...#####...
#@# ###### #'# ...
..... #......
#....... #........
#.........


You could see an orc warrior and an orc priest.

Vanquished Creatures
  Eustachio (D:5)
  A hippogriff (D:7)
  A water moccasin (D:7)
  2 orc warriors (D:7)
  A phantom (D:8)
  A sky beast (D:7)
  A centaur (D:5)
  A big kobold (D:8)
  Blork the orc (D:6)
  A wyvern zombie (D:7)
  5 orc wizards
  Crazy Yiuf (D:2)
  An iguana (D:8)
  A giant frog skeleton (D:5)
  A gnoll shaman (D:4)
  Natasha (D:4)
  2 worker ants (D:5)
  A hound skeleton (D:7)
  A worker ant zombie (D:8)
  3 adders
  3 gnolls (D:4)
  An ooze (D:3)
  2 giant geckos
  15 orcs
  3 bats
  2 goblins (D:1)
  2 hobgoblins
  5 jackals
  7 kobolds
  2 quokkas
  A giant cockroach (D:7)
  5 giant newts
  6 rats
82 creatures vanquished.

Notes
Turn   | Place    | Note
--------------------------------------------------------------
     0 | D:1      | brucemayne the Demonspawn Berserker began the quest for the Orb.
     0 | D:1      | Reached XP level 1. HP: 18/18 MP: 1/1
   130 | D:2      | Gained mutation: You have sharp toenails. [demonic ancestry]
   130 | D:2      | Reached XP level 2. HP: 12/24 MP: 2/2
   341 | D:2      | Found a faded altar to an unknown god.
   403 | D:2      | Noticed Crazy Yiuf
   410 | D:2      | Killed Crazy Yiuf
   410 | D:2      | Reached skill level 4 in Axes
   410 | D:2      | Gained mutation: You have sharp fingernails. [demonic ancestry]
   410 | D:2      | Reached XP level 3. HP: 11/29 MP: 3/3
   520 | D:3      | Found a bloodstained altar of Trog.
   580 | D:3      | Reached ** piety under Trog
   586 | D:4      | Noticed Natasha
   593 | D:4      | Killed Natasha
   593 | D:4      | Gained mutation: You have razor-sharp toenails. [demonic ancestry]
   593 | D:4      | Reached XP level 4. HP: 35/35 MP: 4/4
   598 | D:4      | Reached skill level 5 in Axes
   766 | D:4      | Noticed a phantom
   817 | D:5      | Entered Level 5 of the Dungeon
   822 | D:5      | Gained mutation: When hurt, damage is shared between your health and your magic reserves. [demonic ancestry]
   822 | D:5      | Reached XP level 5. HP: 41/41 MP: 5/5
   864 | D:5      | Noticed Eustachio
   907 | D:5      | HP: 1/61 [iron imp[Eustachio] (4)]
   908 | D:5      | Killed Eustachio
   908 | D:5      | Reached skill level 6 in Axes
   908 | D:5      | Gained mutation: You have claws for feet. [demonic ancestry]
   908 | D:5      | Reached XP level 6. HP: 1/47 MP: 0/6
  1060 | D:5      | Reached skill level 7 in Axes
  1091 | D:6      | Noticed Blork the orc
  1098 | D:6      | Killed Blork the orc
  1105 | D:6      | Gained mutation: You have very sharp fingernails. [demonic ancestry]
  1105 | D:6      | Reached XP level 7. HP: 22/52 MP: 4/7
  1276 | D:6      | Noticed Prince Ribbit
  1308 | D:7      | Reached skill level 8 in Axes
  1347 | D:7      | Found a staircase to the Ecumenical Temple.
  1360 | Temple   | Entered the Ecumenical Temple
  1436 | D:7      | Gained mutation: You can translocate small distances at will. [mutagenic meat]
  1500 | D:7      | Reached skill level 9 in Axes
  1500 | D:7      | Gained mutation: You regenerate magic rapidly. [demonic ancestry]
  1500 | D:7      | Reached XP level 8. HP: 58/58 MP: 4/8
  1836 | D:7      | Reached skill level 10 in Axes
  1865 | D:7      | Mangled by an orc warrior

Vault maps used:
D:1:      lemuel_arrival_broad_hall
D:2:      ecumenical_altar_1, uniq_crazy_yiuf_cottage
D:3:      bloody_trog, gammafunk_temple_overflow_claw, lemuel_doored_altar,
          amethyst_killhole, minmay_misc_feat_hallway, trog_butcher_becter
D:4:      minmay_overflow_temple_star_quad, first_bread, bloody_makhleb,
          uniq_natasha, uniq_duvessa
D:5:      uniq_eustachio
D:6:      grunt_temple_overflow_lords_of_destruction, lemuel_another_geyser,
          uniq_prince_ribbit1, uniq_blork_the_orc
D:7:      minmay_temple_entry_large_hall
D:8:      serial_shops, shop, hangedman_tree_tricks
Temple:   corrupted_temple

Action                   |  1- 3 |  4- 6 |  7- 9 || total
-------------------------+-------+-------+-------++-------
Melee: Hand axe          |    75 |    66 |   188 ||   329
Invok: Berserk           |     2 |     3 |     5 ||    10
       Trog's Hand       |     1 |     4 |     6 ||    11
  Use: Potion            |       |     3 |     1 ||     4
       Scroll            |       |     1 |       ||     1
 Stab: Sleeping          |     2 |       |       ||     2
       Invisible         |       |       |     3 ||     3
  Eat: Chunk             |       |     2 |    10 ||    12
       Bread ration      |       |     1 |       ||     1
